AoeStats
← Conquerors

Hideout

507274034Analyzed
1v1 RM · 16d ago on Sep 17, 2026· 41m 9s· 2 players
Game mode
Random Map
Map size
Tiny (2 player)
Population
200
Speed
Normal
Resources
Standard
Victory
Conquest
Starting age
Dark Age
Ending age
Imperial Age
RankedLock teamsTeams togetherTeam positionsShared explorationLock speedFull tech treeHidden civsTurbo modeCheats
Victory
Defeat
🇮🇳 Spanish · India
314
+13
🇫🇷 Mongols · France
240
-13
AigleSauveur
1:31 Loom
12:38 Feudal Age
15:16 Wheelbarrow
14:32 Town Watch
14:39 Double-Bit Axe
16:42 Arson
16:18 Man-at-Arms
17:29 Horse Collar
20:02 Scale Mail Armor
20:13 Forging
23:15 Bloodlines
30:33 Castle Age
29:54 Scale Barding Armor
32:26 Bow Saw
32:07 Pikeman
33:16 Hand Cart
33:02 Town Patrol
33:19 Squires
Conquerors
0:48 Loom
11:38 Feudal Age
13:18 Wheelbarrow
22:17 Castle Age
28:45 Pikeman
32:30 Double-Bit Axe
34:22 Scale Barding Armor
34:29 Forging
34:27 Light Cavalry
38:53 Hand Cart
Connection lost

Rejoining the realm…

Still unreachable

The connection could not be restored.

Session expired

The server has moved on; the page needs a fresh start.